 Dungeon Crawl Stone Soup version 0.26.1-11-gd32895ea62 (webtiles) character file.

Game seed: 16146642146944283914

566 Zeld the Twirler (level 7, 0/45 HPs)
             Began as an Octopode Gladiator on May 18, 2021.
             Slain by a wyvern skeleton (13 damage)
             ... on level 5 of the Dungeon.
             The game lasted 00:04:56 (5607 turns).

Zeld the Twirler (Octopode Gladiator)               Turns: 5607, Time: 00:04:56

Health: 0/45       AC:  3    Str: 14    XL:     7   Next: 32%
Magic:  7/7        EV: 14    Int: 10    God:
Gold:   233        SH:  0    Dex: 15    Spells: 6/6 levels left

rFire    . . .     SeeInvis .   a - +0 quarterstaff
rCold    . . .     Faith    .   (shield currently unavailable)
rNeg     . . .     Spirit   .   b - +2 hat
rPois    .         Reflect  .   (no amulet)
rElec    .         Harm     .   (no ring)
rCorr    .         Rampage  .   (no ring)
Will     .....                  (no ring)
Stlth    ++........             (no ring)
HPRegen  0.15/turn              (no ring)
MPRegen  0.10/turn              (no ring)
                                (no ring)
                                (no ring)

@: studying Fighting
A: almost no armour, stealthy swim, amphibious, 8 rings, constrict 8, camouflage
1, gelatinous body 1
a: no special abilities


You were on level 5 of the Dungeon.
You visited 1 branch of the dungeon, and saw 5 of its levels.
You also visited: Sewer.

You collected 233 gold pieces.

Inventory:

Hand Weapons
 a - a +0 quarterstaff (weapon)
Missiles
 c - 4 throwing nets
 j - 31 poisoned darts (quivered)
Armour
 b - a +2 hat (worn)
Jewellery
 t - an uncursed ring of fire
Wands
 u - a wand of random effects (18)
Scrolls
 i - 7 scrolls of teleportation
 p - a scroll of fear
 q - a scroll of blinking
 r - a scroll of amnesia {unknown}
 v - a scroll of remove curse {unknown}
Potions
 d - 3 potions of heal wounds {unknown}
 e - 2 potions of haste {unknown}
 f - 3 potions of curing {unknown}
 m - a potion of degeneration {unknown}
 o - a potion of mutation {unknown}
 s - a potion of flight {unknown}
 w - a potion of brilliance {unknown}
Books
 g - a manual of Fighting


   Skills:
 - Level 2.0 Fighting
 * Level 6.1 Staves
 * Level 5.6 Throwing
 - Level 3.0 Dodging


You had 6 spell levels left.
You didn't know any spells.
Your spell library was empty.

Dungeon Overview and Level Annotations

Branches:
Dungeon (5/15)              Sewer (visited)
 Temple: D:4-7

Altars:
Dithmenos
Elyvilon
Gozag
Kikubaaqudgha
Uskayaw

Shops:
D:4 =


Innate Abilities, Weirdness & Mutations

You cannot wear most types of armour.
You are very stealthy in the water. (Stealth+)
You are amphibious.
You can wear up to eight rings at the same time.
You can use your tentacles to constrict eight enemies at once.
Your skin changes colour to match your surroundings (Stealth+).
Your rubbery body absorbs attacks. (AC +1, EV +1)


Message History

* * * LOW HITPOINT WARNING * * *
You hit the white imp. You grab the white imp. You squeeze the white imp.
The white imp is almost dead.
You constrict the white imp.
You kill the white imp!
You start resting.
A jelly comes into view.
A jelly is nearby!
A jelly is nearby!
You see here a manual of Fighting.
g - a manual of Fighting You start resting.
An iguana is nearby!
An iguana is nearby!
An iguana is nearby!
A wyvern skeleton comes into view.
The wyvern skeleton misses you. The wyvern skeleton barely misses you.
The wyvern skeleton bites you!
You die...

#.............†.#
#.......##...J..#
#...........#.#########
#........##<#.# .......
#...........#.# .......
#.......#####.##......
######........#.......
#.#####../...#
#........@...#
#..###.###Z..# #...
#.##....##
#....#.#......#
#....#†#.####.#
#....#.#......#
#l.#.#.#.#..###
#...##.##...#
#.###J.J###.#


You could see a jelly (wandering) and a wyvern skeleton.

Vanquished Creatures
  2 big kobolds (Sewer)
  A howler monkey (D:5)
  A bullfrog skeleton (D:4)
  A worker ant (D:4)
  Natasha (thrice) (D:4)
  4 adders
  4 river rats
  A hound simulacrum (D:3)
  A white imp (D:5)
  2 worker ant simulacra (D:3)
  6 oozes
  12 worms
  3 dart slugs (D:1)
  2 leopard geckos
  6 hobgoblins
  A jackal (D:5)
  4 quokkas
  4 ball pythons
  4 bats
  5 frilled lizards
  A giant cockroach simulacrum (D:3)
  8 goblins
  A jackal zombie (D:5)
  11 kobolds
  A leopard gecko skeleton (D:4)
  7 rats
96 creatures vanquished.

Vanquished Creatures (others)
  The ghost of Tirrikindir the Skirmisher, a weakling OpFi (D:3)
1 creature vanquished.

Grand Total: 97 creatures vanquished

Notes
Turn   | Place    | Note
-------+----------+-------------------------------------------
     0 | D:1      | Zeld the Octopode Gladiator began the quest for the Orb.
     0 | D:1      | Reached XP level 1. HP: 14/14 MP: 1/1
   290 | D:1      | Reached XP level 2. HP: 19/19 MP: 2/2
  1332 | D:2      | Found a white marble altar of Elyvilon.
  1338 | D:2      | Reached XP level 3. HP: 24/24 MP: 3/3
  1732 | D:2      | Found a shadowy altar of Dithmenos.
  1736 | D:2      | Found a hide-covered altar of Uskayaw.
  1740 | D:2      | Found an opulent altar of Gozag.
  1746 | D:2      | Found an ancient bone altar of Kikubaaqudgha.
  2219 | D:3      | Found a runed translucent gate.
  2219 | D:3      | Found a runed translucent gate.
  2219 | D:3      | Found a runed translucent gate.
  2232 | D:3      | Reached skill level 4 in Staves
  2232 | D:3      | Reached XP level 4. HP: 29/29 MP: 4/4
  2266 | D:3      | Found a glowing drain.
  2278 | Sewer    | Entered a sewer
  3010 | Sewer    | Reached XP level 5. HP: 34/34 MP: 5/5
  3308 | Sewer    | Noticed a big kobold
  3321 | Sewer    | Killed a big kobold
  3322 | Sewer    | Reached skill level 5 in Staves
  3509 | Sewer    | Reached XP level 6. HP: 37/39 MP: 6/6
  4061 | D:3      | Noticed Tirrikindir's ghost (weakling OpFi)
  4233 | D:3      | Found a faded altar of an unknown god.
  4448 | D:3      | Killed Tirrikindir's ghost
  4449 | D:3      | Reached skill level 5 in Throwing
  4641 | D:4      | Found Suddo's Jewellery Shop.
  4867 | D:4      | Reached XP level 7. HP: 32/45 MP: 7/7
  4958 | D:4      | Noticed Natasha
  4963 | D:4      | Killed Natasha
  5298 | D:4      | Noticed Natasha
  5307 | D:4      | Killed Natasha
  5353 | D:4      | Noticed Natasha
  5357 | D:4      | Killed Natasha
  5358 | D:4      | Reached skill level 6 in Staves
  5490 | D:5      | Entered Level 5 of the Dungeon
  5607 | D:5      | Slain by a wyvern skeleton

Illustrated notes

Levels and vault maps discovered:
D:1:      ncdulo_watergridlock, layout_basic, serial_co_window_serial,
          co_window_paths_a, co_window_corner_a, co_window_of_opportunity_a,
          co_window_paths_a, co_window_corner_a, co_window_unsneaky_path_e,
          co_window_corner_cb, co_window_corner_cb, co_window_cross_3,
          co_window_of_opportunity_b, co_window_corner_ca,
          co_window_unsneaky_path_d, co_window_4corner_a, co_window_4corner_b,
          glass_columns_b, glass_columns_a, glass_columns_a,
          minmay_misc_feat_doors
D:2:      layout_loops_cross, lemuel_round_altar,
          grunt_temple_overflow_cloverleaf, chequers_serial_rivers_small_b,
          minivault_5
D:3:      layout_loops_ring, lightli_sewer_entry_pipes,
          chequers_ecumenical_altar_simple_redux, gammafunk_ghost_icy
D:4:      layout_loops_ring, serial_shops, shop, chequers_avenue, uniq_natasha
D:5:      layout_basic, basic_altar, minmay_manual_monstrance

Skill      XL: |  1  2  3  4  5  6  7 |
---------------+----------------------+-----
Throwing       | 3 4 5 |  5.6
Staves         | 4 5 6 |  6.1
Fighting       | |  2.0
Dodging        | |  3.0

Action                   |  1- 3 |  4- 6 |  7- 9 || total
-------------------------+-------+-------+-------++-------
Melee: Quarterstaff      |    56 |   116 |    19 ||   191
       Constrict         |    15 |    31 |     6 ||    52
       Tentacles         |     9 |    26 |     5 ||    40
  Use: Scroll            |       |       |     9 ||     9
 Stab: Sleeping          |     7 |     9 |     1 ||    17
       Distracted        |       |     1 |       ||     1
Armor: Skin              |     7 |     2 |     1 ||    10
Dodge: Dodged            |    23 |    54 |    10 ||    87
